 Dungeon Crawl Stone Soup version 0.25-a0-780-g622e69b31f (webtiles) character file.

Game seed: 2068676560181981746, levelgen mode: deterministic

571 kae the Ruffian (level 7, -1/52 HPs)
             Began as a Pale Draconian Transmuter on Apr 14, 2020.
             Slain by a killer bee (8 damage)
             ... on level 4 of the Dungeon.
             The game lasted 00:04:07 (4358 turns).

kae the Ruffian (Pale Draconian Transmuter)         Turns: 4358, Time: 00:04:08

Health: -1/52      AC:  2    Str: 13 (14) XL:     7   Next: 12%
Magic:  9/12       EV: 19    Int: 15 (17) God:
Gold:   68         SH:  0    Dex: 16 (17) Spells: 7/13 levels left

rFire    . . .     SeeInvis .     - Unarmed
rCold    . . .     Gourm    .   (shield currently unavailable)
rNeg     . . .     Faith    .   (armour unavailable)
rPois    x         Spirit   .   (helmet currently unavailable)
rElec    .         Reflect  .   (cloak currently unavailable)
rCorr    .         Harm     .   (gloves currently unavailable)
MR       .....                  (boots currently unavailable)
Stlth    ++........             (no amulet)
HPRegen  0.17/turn              b - ring of stealth
MPRegen  0.13/turn              i - +4 ring of intelligence

@: spider-form, very slightly contaminated
A: tiny, (breathe steam), unfitting armour, AC +6
a: End Transformation


You were on level 4 of the Dungeon.
You were not hungry.
You were a venomous arachnid creature.
You visited 1 branch of the dungeon, and saw 4 of its levels.

You collected 276 gold pieces.
You spent 208 gold pieces at shops.

Inventory:

Hand Weapons
 d - a +0 spear
Missiles
 a - 12 arrows
Armour
 h - a +2 pair of boots (melded)
 y - a scarf of resistance (melded)
Jewellery
 b - a ring of stealth (left front leg)
 i - a +4 ring of intelligence (right front leg)
 j - an uncursed ring of protection from cold
 p - a cursed amulet of inaccuracy
Wands
 n - a wand of disintegration (14)
 q - a wand of flame (23)
 r - a wand of random effects (21)
 u - a wand of digging (4)
Scrolls
 m - a scroll of magic mapping
 t - a scroll of teleportation {unknown}
 v - a scroll of identify
 x - 2 scrolls of remove curse
Potions
 e - 2 potions of curing
 k - a potion of degeneration
 o - a potion of lignification
 w - a potion of stabbing {unknown}
Comestibles
 c - 9 rations


   Skills:
 - Level 1.1 Fighting
 - Level 1.7 Dodging
 * Level 6.2 Unarmed Combat
 + Level 3.9 Spellcasting
 + Level 4.2 Transmutations


You had 7 spell levels left.
You knew the following spells:

 Your Spells              Type           Power        Failure   Level  Hunger
a - Beastly Appendage     Tmut           ###...       11%         1    None
b - Sticks to Snakes      Tmut           ###.....     14%         2    ##.....
c - Spider Form           Tmut/Pois      #.........   43%         3    ###....

Your spell library contained the following spells:

 Spells                   Type           Power        Failure   Level  Hunger
 Ice Form                 Ice/Tmut       #.......     78%         4    ####...
 Blade Hands              Tmut           ###.......   83%         5    ######.


Dungeon Overview and Level Annotations

Branches:
Dungeon (4/15)
 Temple: D:4-7

Altars:
Vehumet

Shops:
D:4 [*


Innate Abilities, Weirdness & Mutations

((You can breathe blasts of scalding, opaque steam.))
((Your pale cyan-grey scales are hard. (AC +6)))
You cannot fit into any form of body armour.
((You are cold-blooded and may be slowed by cold attacks.))


Message History

The killer bee barely misses you. The killer bee stings you!
* * * LOW HITPOINT WARNING * * *
You hit the killer bee. Your punch misses the killer bee.
The killer bee is moderately wounded.
You feel sick.
The killer bee stings you but does no damage.
The killer bee barely misses you.
You feel better. The killer bee barely misses you. x2
Casting: Spider Form (slightly dangerous; 22% risk of failure)
Confirm with . or Enter, or press ? or * to list all spells.
You turn into a venomous arachnid creature.
Your scarf of resistance melds into your body.
Your +2 pair of boots melds into your body.
You feel hot and cold all over. The killer bee stings you.
* * * LOW HITPOINT WARNING * * *
The killer bee misses you. The killer bee barely misses you.
The killer bee stings you!
* * * LOW HITPOINT WARNING * * *
You feel better. The killer bee barely misses you. The killer bee stings you!
You die...

.......#.....#...#.....#
.......#....##..)#.....#
.......##...##...#.....#
..#######...##...#.....#
..#,..........[..#.....#
..#,.............#.....#
..#,.............#.....#
..#,.............+.....#
..#,..>.........s#.....#
..#*#######+####y......#*****
.....,,,,........#####......*
.....,,,,........# *,.....*
......,,,........# *,,y...*
......,,,........# *,,,.y.*
.....,,,,........# *,,,,y.*
....,,,,,........# *,,,,,.*
###******#......## *,,,,,,*


You could see a killer bee.

Vanquished Creatures
  4 killer bees (D:4)
  Terence (D:2)
  2 orc wizards
  Ijyb (D:4)
  An iguana (D:4)
  3 worker ants (D:4)
  Robin (D:3)
  4 adders
  4 gnolls (D:2)
  2 oozes
  An adder skeleton (D:4)
  3 leopard geckos
  8 orcs
  3 ball pythons
  6 bats
  3 giant cockroaches
  13 goblins
  9 hobgoblins
  6 jackals (D:1)
  13 kobolds
  4 frilled lizards
  9 rats
101 creatures vanquished.

Notes
Turn   | Place    | Note
-------+----------+-------------------------------------------
     0 | D:1      | kae the Draconian Transmuter began the quest for the Orb.
     0 | D:1      | Reached XP level 1. HP: 16/16 MP: 3/3
   122 | D:1      | Reached XP level 2. HP: 15/23 MP: 3/5
   615 | D:1      | Learned a level 2 spell: Sticks to Snakes
   654 | D:1      | Reached XP level 3. HP: 26/28 MP: 4/6
  1026 | D:2      | Learned a level 3 spell: Spider Form
  1075 | D:2      | Reached skill level 4 in Unarmed Combat
  1095 | D:2      | Reached XP level 4. HP: 13/35 MP: 5/7
  1833 | D:2      | Found a radiant altar of Vehumet.
  1993 | D:2      | Noticed Terence
  2009 | D:2      | Killed Terence
  2009 | D:2      | Reached XP level 5. HP: 11/40 MP: 6/9
  2454 | D:3      | Noticed Robin
  2466 | D:3      | Killed Robin
  2468 | D:3      | Reached skill level 5 in Unarmed Combat
  3518 | D:4      | Reached XP level 6. HP: 17/47 MP: 7/11
  3532 | D:4      | HP: 2/47 [poisoned by a worker ant]
  3540 | D:4      | HP: 2/47 [poisoned by a worker ant]
  3548 | D:4      | HP: 1/47 [poisoned by a worker ant]
  3969 | D:4      | Noticed Ijyb
  3983 | D:4      | Killed Ijyb
  4172 | D:4      | Found Vanos's Antique Armour Shoppe.
  4175 | D:4      | Bought a runed scarf for 208 gold pieces
  4250 | D:4      | Found Pikhar's Lightly-Used Armoury.
  4340 | D:4      | Reached skill level 6 in Unarmed Combat
  4340 | D:4      | Your scales start taking on a pale cyan-grey colour.
  4340 | D:4      | Reached XP level 7. HP: 42/52 MP: 12/12
  4357 | D:4      | HP: 2/52 [killer bee (8)]
  4358 | D:4      | Slain by a killer bee

Levels and vault maps discovered:
D:1:      lemuel_arrival_behind_the_door_small, layout_loops_ring, st_stairs_7
D:2:      layout_rooms, vehumet_crystals, uniq_terence
D:3:      layout_basic, first_ration, uniq_robin
D:4:      layout_gridville, serial_shops, nicolae_shop_stone,
          minmay_shop_damaged, uniq_ijyb

Skill      XL: |  1  2  3  4  5  6 |
---------------+-------------------+-----
Unarmed Combat | 4 5 6 |  6.2
Transmutations | 3 4 |  4.2
Spellcasting   | 3 |  3.9
Fighting       | |  1.1
Dodging        | |  1.7

Action                   |  1- 3 |  4- 6 |  7- 9 || total
-------------------------+-------+-------+-------++-------
Melee: Unarmed           |   121 |   204 |    10 ||   335
       Tailslap          |     9 |    12 |       ||    21
       Headbutt          |     4 |    10 |       ||    14
       Kick              |     3 |       |       ||     3
       Punch             |     1 |     3 |       ||     4
 Cast: Beastly Appendage |    15 |    18 |       ||    33
       Spider Form       |     1 |     9 |     1 ||    11
Evoke: Wand              |       |     1 |     3 ||     4
  Use: Scroll            |     4 |     2 |       ||     6
       Potion            |       |     4 |     2 ||     6
 Stab: Sleeping          |       |     3 |       ||     3
       Invisible         |       |     1 |     1 ||     2
  Eat: Chunk             |       |    13 |       ||    13
Armor: Skin              |    37 |    55 |    10 ||   102
Dodge: Dodged            |   117 |   147 |    10 ||   274

Table legend:
 A = Non-vault XP
 B = Vault XP
 C = Vault XP percentage of total XP
 D = Non-vault monster count
 E = Vault monster count
 F = Vault count percentage of total count
                 A         B        C        D         E       F
            +---------+---------+-------+---------+---------+-------
      Total |     704 |     113 |  13.8 |      86 |      15 |  14.9
            +---------+---------+-------+---------+---------+-------
        D:1 |      47 |       1 |   2.1 |      27 |       1 |   3.6
        D:2 |     176 |      40 |  18.5 |      32 |       1 |   3.0
        D:3 |      35 |      36 |  50.7 |      11 |      12 |  52.2
        D:4 |     446 |      36 |   7.5 |      16 |       1 |   5.9
            +---------+---------+-------+---------+---------+-------
